 Dungeon Crawl Stone Soup version 0.21-a0-529-g8c7b3f5d53 (webtiles) character file.

581 JackS81 the Chopper (level 7, -3/54 HPs)
             Began as a Formicid Fighter on Dec 10, 2017.
             Succumbed to a gnoll's poison
             ... on level 5 of the Dungeon.
             The game lasted 00:09:47 (3953 turns).

JackS81 the Chopper (Formicid Fighter)              Turns: 3953, Time: 00:09:47

Health: -3/54      AC:  7    Str: 25    XL:     7   Next: 63%
Magic:  7/7        EV:  8    Int:  8    God:
Gold:   175        SH: 10    Dex: 12    Spells: 5/6 levels left

rFire    + . .     SeeInvis +   a - +0 war axe
rCold    . . .     Gourm    +   c - +0 shield
rNeg     . . .     Faith    .   b - +0 scale mail
rPois    .         Spirit   .   (helmet unavailable)
rElec    .         Reflect  .   (no cloak)
rCorr    .         Harm     .   (no gloves)
MR       .....                  (no boots)
Stlth    ..........             v - amulet of the gourmand
HPRegen  0.18/turn              i - ring of protection from fire
MPRegen  0.10/turn              (no ring)

@: mighty, lethally poisoned (-3 -> -57)
A: permanent stasis, dig shafts and tunnels, four strong arms, antennae 3
a: Dig, Shaft Self


You were on level 5 of the Dungeon.
You were very full.

You visited 1 branch of the dungeon, and saw 5 of its levels.

You collected 175 gold pieces.

Inventory:

Hand Weapons
 a - a +0 war axe (weapon)
Missiles
 e - 108 stones (quivered)
 n - 61 arrows
 x - 15 bolts
Armour
 b - a +0 scale mail (worn)
 c - a +0 shield (worn)
Jewellery
 i - a ring of protection from fire (left hand)
 v - an amulet of the gourmand (around neck)
 C - an uncursed ring of see invisible {unknown}
Scrolls
 j - 7 scrolls of remove curse {unknown}
 k - 5 scrolls of identify {unknown}
 p - 2 scrolls of fog {unknown}
 t - 2 scrolls of magic mapping {unknown}
 w - a scroll of enchant armour {unknown}
 A - a scroll of enchant weapon {unknown}
 D - a scroll of teleportation {unknown}
Potions
 d - 3 potions of might
 h - a potion of cancellation {unknown}
 l - a potion of flight {unknown}
 m - a potion of lignification {unknown}
 o - 2 potions of heal wounds {unknown}
 q - a potion of mutation {unknown}
 r - a potion of resistance
 z - a potion of agility {unknown}
 B - a potion of brilliance {unknown}
Books
 y - a book of Cantrips

   Spells                             Type                      Level
   a - Confusing Touch                Hexes                        1
   b - Animate Skeleton               Necromancy                   1
   c - Summon Small Mammal            Summoning                    1
   d - Apportation                    Translocation                1
Comestibles
 f - 4 bread rations
 g - 3 meat rations
 s - a royal jelly
 u - 2 fruits


   Skills:
 + Level 4.0 Fighting
 * Level 6.1 Axes
 + Level 4.6 Armour
 + Level 5.4 Shields


You had 5 spell levels left.
You knew the following spells:

 Your Spells              Type           Power        Failure   Level  Hunger
a - Apportation           Tloc           #.....       91%         1    ##.....


Dungeon Overview and Level Annotations

Branches:
Dungeon (5/15)
 Temple: D:4-7

Altars:
Elyvilon
Trog

Shops:
D:4 %

Annotations:
D:3 1 runed door
D:4 2 transporters


Innate Abilities, Weirdness & Mutations

You cannot be hasted, slowed, berserked, paralysed or teleported.
You can dig through walls and to a lower floor.
Your four strong arms can wield two-handed weapons with a shield.
You have a pair of large antennae on your head. (SInv)


Message History

You block the gnoll's attack. You block the gnoll sergeant's attack.
The gnoll hits you but does no damage.
You are more poisoned.
You closely miss the gnoll sergeant.
The gnoll sergeant is almost dead.
* * * LOW HITPOINT WARNING * * *
You feel very sick.
The gnoll sergeant hits you but does no damage.
The gnoll hits you from afar with a spear of venom.
* * * LOW HITPOINT WARNING * * *
You are more poisoned.
You slash the gnoll sergeant!
You kill the gnoll sergeant!
Your Fighting skill increases to level 4!
Your Axes skill increases to level 6!
* * * LOW HITPOINT WARNING * * *
You feel very sick. The gnoll hits you but does no damage.
You are more poisoned.
You die...

#.......g# ........#
#....Z..#### ##..........#
...........# #..g......#
#...g....# .
#...#############....
#...gZ.@..)..........
##..g################
#.>.##..........#######
.#####..)...................
........###.#########.......
........###.# #.......
............# #.......
.........#### #.......
.........####. #.......


You could see 2 gnolls and a howler monkey zombie.

Vanquished Creatures
  A phantom (D:4)
  A centaur (D:5)
  A big kobold (D:4)
  A gnoll sergeant (D:5)
  A centaur skeleton (D:5)
  2 worker ants (D:4)
  An iguana (D:4)
  5 adders
  3 gnolls (D:5)
  An ooze (D:4)
  2 worms (D:3)
  5 dart slugs
  4 leopard geckos
  5 orcs (D:3)
  3 giant cockroaches
  10 goblins
  6 hobgoblins
  10 jackals
  A quokka (D:2)
  3 ball pythons
  6 bats
  4 frilled lizards
  A jackal skeleton (D:4)
  9 kobolds
  7 rats
  A bush (D:4)
94 creatures vanquished.

Notes
Turn   | Place    | Note
-------+----------+-------------------------------------------
     0 | D:1      | JackS81 the Formicid Fighter began the quest for the Orb.
     0 | D:1      | Reached XP level 1. HP: 18/18 MP: 1/1
   131 | D:1      | Reached XP level 2. HP: 24/24 MP: 2/2
   290 | D:1      | Reached XP level 3. HP: 28/29 MP: 3/3
  1240 | D:2      | Reached XP level 4. HP: 33/35 MP: 4/4
  1258 | D:2      | Reached skill level 3 in Axes
  1870 | D:3      | Reached XP level 5. HP: 38/41 MP: 5/5
  2148 | D:3      | Found a white marble altar of Elyvilon.
  2148 | D:3      | Noticed an angel
  2154 | D:3      | Found a runed door.
  2376 | D:4      | Reached skill level 4 in Axes
  2431 | D:4      | Found a transporter.
  2477 | D:4      | Reached XP level 6. HP: 46/47 MP: 6/6
  2504 | D:4      | Found Goilus's Food Shop.
  2574 | D:4      | Found a bloodstained altar of Trog.
  2703 | D:4      | Learned a level 1 spell: Apportation
  2749 | D:4      | Found a transporter.
  2858 | D:4      | Reached skill level 5 in Shields
  3012 | D:4      | Reached skill level 5 in Axes
  3124 | D:4      | Noticed a phantom
  3170 | D:4      | Killed a phantom
  3170 | D:4      | Reached XP level 7. HP: 26/53 MP: 7/7
  3576 | D:5      | Entered Level 5 of the Dungeon
  3952 | D:5      | Reached skill level 6 in Axes
  3952 | D:5      | HP: 2/54 [poisoned by a gnoll]
  3953 | D:5      | Succumbed to a gnoll's poison

Vault maps used:
D:1:      dpeg_arrival_signposts
D:3:      lemuel_angel_altar
D:4:      gammafunk_cloud_chamber, lemuel_crystal_altar, first_bread,
          serial_shops, nicolae_shop_behind_doors, lexackson_kobold_supper

Skill      XL: |  1  2  3  4  5  6  7 |
---------------+----------------------+-----
Shields        | 4 5 |  5.4
Armour         | 4 |  4.6
Axes           | 3 4 5 6 |  6.1
Fighting       | 4 |  4.0

Action                   |  1- 3 |  4- 6 |  7- 9 || total
-------------------------+-------+-------+-------++-------
Melee: War axe           |    81 |   248 |    30 ||   359
  Use: Potion            |       |       |     1 ||     1
  Eat: Chunk             |     1 |    31 |     2 ||    34
Armor: Scale mail        |    45 |    86 |     9 ||   140
Dodge: Dodged            |    37 |    64 |    11 ||   112
Block: Shield            |    47 |   109 |    21 ||   177

Table legend:
 A = Spawn XP
 B = Non-spawn XP
 C = Spawn XP percentage of total XP
 D = Spawn monster count
 E = Non-spawn monster count
 F = Spawn count percentage of total count
 G = Total turns spent on level
                    A         B        C        D         E        F      G
               +---------+---------+-------+---------+---------+-------+---------
         Total |       0 |     830 |   0.0 |       0 |      93 |   0.0 |  3953
               +---------+---------+-------+---------+---------+-------+---------
           D:1 |       0 |      44 |   0.0 |       0 |      23 |   0.0 |  1090
           D:2 |       0 |      84 |   0.0 |       0 |      20 |   0.0 |   724
           D:3 |       0 |      74 |   0.0 |       0 |      26 |   0.0 |   553
           D:4 |       0 |     352 |   0.0 |       0 |      18 |   0.0 |  1209
           D:5 |       0 |     276 |   0.0 |       0 |       6 |   0.0 |   377
               +---------+---------+-------+---------+---------+-------+---------
